 Dungeon Crawl Stone Soup version 0.30-a0-782-ge64f9170bb (webtiles) character file.

Game seed: 4433314348456199599

842 mopl the Vexing (level 7, -10/36 HPs)
             Began as a Deep Elf Enchanter on Mar 14, 2023.
             Mangled by a gnoll
             ... wielding a +0 halberd
             ... led by a gnoll bouda
              (14 damage)
             ... on level 5 of the Dungeon.
             The game lasted 00:06:53 (4158 turns).

mopl the Vexing (Deep Elf Enchanter)                Turns: 4158, Time: 00:06:53

Health: -10/36     AC:  2    Str:  5    XL:     7   Next: 67%
Magic:  0/27       EV: 12    Int: 22    God:
Gold:   187        SH:  0    Dex: 15    Spells: 7/18 levels left

rFire   . . .      SeeInvis .    a - +2 dagger (venom)
rCold   + . .      Faith    .    (no shield)
rNeg    . . .      Spirit   +    t - +0 robe {rC+}
rPois   .          Reflect  .    (no helmet)
rElec   .          Harm     .    (no cloak)
rCorr   .          Rampage  .    (no gloves)
Will    +....                    (no boots)
Stlth   +++                      y - amulet of guardian spirit
HPRegen 0.26/turn                j - ring of willpower
MPRegen 0.20/turn                p - ring of magical power

@: no status effects
A: no striking features
a: no special abilities


You were on level 5 of the Dungeon.
You visited 1 branch of the dungeon, and saw 6 of its levels.

You collected 247 gold pieces.
You spent 60 gold pieces at shops.

Inventory:

Hand Weapons
 a - a +2 dagger of venom (weapon)
Missiles
 o - 4 silver javelins
 s - 2 javelins
 z - 2 boomerangs
Armour
 t - a +0 robe of cold resistance (worn)
Jewellery
 j - a ring of willpower (left hand)
 p - a ring of magical power (right hand)
 y - an amulet of guardian spirit (around neck)
Scrolls
 e - 3 scrolls of summoning {unknown}
 i - 2 scrolls of fog {unknown}
 m - 5 scrolls of teleportation
 r - 2 scrolls of identify
 u - a scroll of enchant weapon {unknown}
 v - a scroll of brand weapon {unknown}
 w - a scroll of noise {unknown}
 A - a scroll of fear {unknown}
Potions
 b - 2 potions of might {unknown}
 c - 4 potions of invisibility
 d - 2 potions of heal wounds {unknown}
 f - 4 potions of haste
 g - a potion of attraction
 h - a potion of brilliance {unknown}
 k - 2 potions of magic {unknown}
 l - a potion of flight {unknown}
 n - 3 potions of degeneration {unknown}
 q - 3 potions of curing {unknown}
 x - a potion of berserk rage {unknown}


   Skills:
 + Level 4.2 Short Blades
 - Level 2.4 Dodging
 + Level 6.7 Stealth
 + Level 6.4 Spellcasting
 + Level 7.0 Hexes


You had 7 spell levels left.
You knew the following spells:

 Your Spells              Type           Power      Damage    Failure   Level
a - Dazzling Flash        Conj/Hex       44%        N/A       6%          3
b - Ensorcelled Hibernat  Hex/Ice        44%        N/A       3%          2
c - Confusing Touch       Hex            37%        N/A       1%          3
d - Tukima's Dance        Hex            37%        N/A       1%          3

Your spell library contained the following spells:

 Spells                   Type           Power      Damage    Failure   Level
 Portal Projectile        Hex/Tloc       44%        N/A       6%          3
 Beastly Appendage        Tmut           14%        N/A       9%          1
 Wereblood                Tmut           7%         N/A       13%         2
 Frozen Ramparts          Ice            14%        1d3       26%         3
 Spider Form              Tmut/Pois      7%         N/A       26%         3
 Ice Form                 Ice/Tmut       7%         N/A       65%         4
 Olgreb's Toxic Radiance  Pois           7%         N/A       65%         4
 Summon Ice Beast         Ice/Summ       7%         N/A       65%         4
 Blade Hands              Tmut           3%         N/A       94%         5
 Irradiate                Conj/Tmut      3%         3d12      94%         5
 Dragon Form              Tmut           3%         N/A       100%        7
 Ozocubu's Refrigeration  Ice            3%         4d8       100%        7
 Ignition                 Fire           3%         3d4       100%        8


Dungeon Overview and Level Annotations

Branches:
Dungeon (6/15)
 Temple: D:4-7

Altars:
Cheibriados
Gozag
Kikubaaqudgha
Ru
Sif Muna
Uskayaw
Wu Jian
Xom

Shops:
D:2 *


Message History

The gnoll attacks as you move away! The gnoll closely misses you.
The gnoll barely misses you. The gnoll attacks as you move away!
The gnoll completely misses you.
The gnoll looks drowsy...
The gnoll barely misses you.
The helpless gnoll fails to defend itself.
You stick the gnoll like a pincushion!!!
You kill the gnoll!
The gnoll looks drowsy...
The gnoll bouda gazes fiercely through you!
You feel your attacks grow feeble.
The gnoll shouts!
The gnoll misses you.
The gnoll is unaffected.
The gnoll hits you from afar with a +0 halberd!
Things that are here:
a +0 flail; a gnoll corpse The gnoll bouda resists with significant effort.
The gnoll is no longer moving quickly.
The gnoll bouda hits you with a +0 club!
The gnoll completely misses you.
The gnoll bouda resists with significant effort.
The gnoll bouda closely misses you. The gnoll barely misses you.
The gnoll bouda resists with significant effort.
Your attacks no longer feel as feeble.
The gnoll bouda hits you with a +0 club!
The gnoll barely misses you.
You are too injured to fight recklessly!
Casting: Ensorcelled Hibernation (safe; 3% risk of failure)
Confirm with . or Enter, or press ? or * to list all spells.
Aiming: Ensorcelled Hibernation (safe; 3% risk of failure)
Press: ? - help, Shift-Dir - straight line, f/p - gnoll bouda
Aim: a gnoll bouda, wielding a +0 club and wearing a +0 leather armour (chance to affect: 54%)
The gnoll bouda looks drowsy...
The gnoll hits you from afar with a +0 halberd!
* * * LOW HITPOINT WARNING * * *
The helpless gnoll bouda fails to defend itself.
You skewer the gnoll bouda like a kebab!!!
You kill the gnoll bouda!
The gnoll hits you from afar with a +0 halberd!
You die...

###### #....# ##
#)...# ##.# ....#
#..# ##..# #..#
#...##### #.<#
##.#g)@..#######.#
###g.#####.........#
#.g.## #######..##
#g### #....# #..
##.#.######## #.#
##..#.###..... ..
###.....##..##.# ..#
##(..###<##.##..#
#...#
#...####.#..#..##


You could see a gnoll.

Vanquished Creatures
  An ice beast (D:5)
  Blork the orc (D:4)
  A bullfrog (D:5)
  A jelly (D:5)
  An orc priest (D:4)
  5 hounds
  A gnoll bouda (D:5)
  2 orc wizards (D:5)
  6 gnolls
  5 adders
  3 worms
  3 dart slugs
  11 orcs
  An endoplasm (D:2)
  2 giant cockroaches
  10 hobgoblins
  7 jackals (D:3)
  6 kobolds
  4 quokkas
  6 ball pythons
  7 bats
  3 frilled lizards
  2 goblins
  5 rats
94 creatures vanquished.

Vanquished Creatures (collateral kills)
  An ogre (D:4)
  A gnoll sergeant (D:4)
  An orc (D:4)
  A hobgoblin (D:4)
4 creatures vanquished.

Vanquished Creatures (others)
  4 plants (D:3)
4 creatures vanquished.

Grand Total: 102 creatures vanquished

Notes
Turn   | Place    | Note
-------+----------+-------------------------------------------
     0 | D:1      | mopl the Deep Elf Enchanter began the quest for the Orb.
     0 | D:1      | Reached XP level 1. HP: 10/10 MP: 6/6
   237 | D:1      | Reached XP level 2. HP: 15/15 MP: 8/8
   253 | D:1      | Learned a level 2 spell: Ensorcelled Hibernation
   338 | D:1      | Reached skill level 4 in Stealth
   664 | D:2      | Found Fockiab's General Store.
   681 | D:2      | Reached XP level 3. HP: 19/19 MP: 5/10
   685 | D:2      | Learned a level 3 spell: Confusing Touch
   689 | D:2      | Learned a level 3 spell: Tukima's Dance
   694 | D:2      | Bought a scroll of identify for 24 gold pieces
  1346 | D:2      | Bought a scroll of teleportation for 36 gold pieces
  1411 | D:3      | Reached skill level 2 in Short Blades
  1411 | D:3      | Reached skill level 4 in Spellcasting
  1411 | D:3      | Reached XP level 4. HP: 19/24 MP: 12/12
  1416 | D:3      | Reached skill level 5 in Hexes
  1567 | D:3      | Learned a level 3 spell: Dazzling Flash
  1640 | D:3      | Reached XP level 5. HP: 17/28 MP: 3/13
  2527 | D:3      | Reached skill level 5 in Stealth
  2605 | D:4      | Noticed Blork the orc
  2625 | D:4      | Killed Blork the orc
  2868 | D:4      | Reached skill level 3 in Short Blades
  2868 | D:4      | Reached skill level 5 in Spellcasting
  2868 | D:4      | Reached XP level 6. HP: 32/32 MP: 15/15
  3489 | D:4      | Reached skill level 6 in Hexes
  3591 | D:4      | Found a shimmering blue altar of Sif Muna.
  3592 | D:4      | Found a shimmering altar of Xom.
  3598 | D:4      | Found a snail-covered altar of Cheibriados.
  3599 | D:4      | Found a sacrificial altar of Ru.
  3601 | D:4      | Found a hide-covered altar of Uskayaw.
  3602 | D:4      | Found an ornate altar of the Wu Jian Council.
  3604 | D:4      | Found an opulent altar of Gozag.
  3608 | D:4      | Found an ancient bone altar of Kikubaaqudgha.
  3696 | D:5      | Entered Level 5 of the Dungeon
  3708 | D:5      | Reached skill level 6 in Stealth
  3708 | D:5      | Reached XP level 7. HP: 36/36 MP: 17/17
  3743 | D:5      | Reached skill level 6 in Spellcasting
  3813 | D:5      | Reached skill level 4 in Short Blades
  4146 | D:5      | Reached skill level 7 in Hexes
  4158 | D:5      | Mangled by a gnoll

Illustrated notes

Levels and vault maps discovered:
D:1:      lightli_arrival_noodles, layout_loops_cross, nicolae_eternal_life
D:2:      layout_rooms, serial_shops, shop, serial_forest,
          infiniplex_forest_clump_C, infiniplex_forest_clump_small,
          infiniplex_forest_end_1, infiniplex_forest_clump_diagonal,
          infiniplex_forest_zigzag_1, infiniplex_forest_straight_2,
          infiniplex_forest_clump_medium, glass_columns_a, minivault_23
D:3:      cheibrodos_old_hovel, layout_loops_corners, cheibrodos_gnoll_hut
D:4:      layout_gridville, nicolae_overflow_hallway_of_the_gods,
          uniq_blork_the_orc
D:5:      layout_rooms, hangedman_decor_push
D:6:      layout_loops_ring, serial_shops, nicolae_shop_overgrown_old_shop,
          nicolae_shop_waterfront, nicolae_shop_hallway_plus,
          kennysheep_little_box, nicolae_shop_waterfront,
          hellmonk_ghost_happy_afterlife

Skill      XL: |  1  2  3  4  5  6  7 |
---------------+----------------------+-----
Stealth        | 4 5 6 |  6.7
Short Blades   | 2 3 4 |  4.2
Spellcasting   | 4 5 6 |  6.4
Hexes          | 5 6 7 |  7.0
Dodging        | |  2.4

Action                     |  1- 3 |  4- 6 |  7- 9 || total
---------------------------+-------+-------+-------++-------
  Melee: Dagger            |   114 |   124 |    23 ||   261
   Cast: Ensorcelled Hiber |    16 |    51 |    21 ||    88
         Tukima's Dance    |       |     6 |       ||     6
         Confusing Touch   |       |     1 |     1 ||     2
    Use: Scroll            |     2 |       |       ||     2
   Stab: Sleeping          |    20 |    36 |    12 ||    68
         Distracted        |     1 |       |       ||     1
         Confused          |       |       |     2 ||     2
 Armour: Robe              |    28 |    18 |     5 ||    51
  Dodge: Dodged            |    65 |    73 |    27 ||   165

Table legend: (Time is in decaauts)
 A = Elapsed time spent in this place.
 B = Non-inter-level travel time spent in this place.
 C = Inter-level travel time spent in this place.
 D = Time resting spent in this place.
 E = Time spent auto-exploring this place.
 F = Levels seen in this place.
 G = Mean time per level.
                   A        B        C        D        E       F      G
               +--------+--------+--------+--------+--------+-----+--------+
         Total |   4127 |   3994 |    133 |    613 |   2576 |   6 |  687.8 |
       Dungeon |   4127 |   3994 |    133 |    613 |   2576 |   6 |  687.8 |
               +--------+--------+--------+--------+--------+-----+--------+

Top non-repeatable levels by time:
     D:3: 1231 daAuts
     D:4: 1092 daAuts
     D:2: 687 daAuts
     D:1: 657 daAuts
     D:5: 305 daAuts
     D:6: 152 daAuts
